Britless 2v2??? Impossible

Match 22982593
End
Construct Barracks
Riflemen Squad
Riflemen Squad
Riflemen Squad
Grenade Package
Construct Medical Station
Infantry Support Center
Riflemen Squad
Riflemen Squad
Selects Airborne Battlegroup
Selects Heavy Machine Gun Paradrop
Selects Paratrooper Squad Paradrop
M1918 Browning Automatic Rifles
Munitions Surplus
Selects Anti-tank Gun Team Paradrop
Anti-tank Gun Team Paradrop
Anti-tank Gun Team Paradrop
Selects Recon Loiter
Selects Supply Drop
Advanced Logistics
Construct Tank Depot
M4A1 Sherman Medium Tank
Engineer Squad
Selects Carpet Bombing Run
Recon Loiter
Carpet Bombing Run
M4(105) Sherman Bulldozer
Supply Drop
M18 Hellcat Tank Destroyer
Carpet Bombing Run
M18 Hellcat Tank Destroyer
M18 Hellcat Tank Destroyer
Carpet Bombing Run
M18 Hellcat Tank Destroyer
Riflemen Squad
M18 Hellcat Tank Destroyer
M18 Hellcat Tank Destroyer
Supply Drop
Recon Loiter
Carpet Bombing Run
The101stAirBorne
Thomas
I'm that #B!tch
PuliPutia
0
0

Comments sign in to comment!

No comments posted yet!